 Dungeon Crawl Stone Soup version 0.27-a0-1308-gc08437e49b (webtiles) character file.

Game seed: 17667336030024447926

96 Sobieck the Ducker (level 4, 0/36 HPs)
             Began as a Spriggan Berserker on June 18, 2021.
             Was a Believer of Trog.
             Slain by Robin (7 damage)
             ... on level 2 of the Dungeon.
             The game lasted 00:04:25 (2345 turns).

Sobieck the Ducker (Spriggan Berserker)             Turns: 2345, Time: 00:04:26

Health: 0/36       AC:  3    Str: 14    XL:     4   Next: 41%
Magic:  5/5        EV: 19    Int:  8    God:    Trog [**....]
Gold:   69         SH:  0    Dex: 14    Spells: 3/3 levels left

rFire    . . .     SeeInvis +   a - +0 falchion {long}
rCold    . . .     Faith    .   (shield restricted)
rNeg     . . .     Spirit   .   b - +0 animal skin
rPois    .         Reflect  .   (helmet restricted)
rElec    .         Harm     .   n - +0 cloak
rCorr    .         Rampage  .   (gloves unavailable)
Will     .....                  (boots unavailable)
Stlth    ..........             (no amulet)
HPRegen  0.12/turn              (no ring)
MPRegen  0.09/turn              (no ring)

@: berserking, very quick
A: very small, no large weapons, unfitting armour, see invisible, speed 3
a: Renounce Religion, Berserk, Trog's Hand


You were on level 2 of the Dungeon.
You worshipped Trog.
Trog was pleased with you.
You visited 1 branch of the dungeon, and saw 3 of its levels.

You collected 69 gold pieces.


Innate Abilities, Weirdness & Mutations

You are very small and have problems with some larger weapons.
You are too small for most types of armour.
You have supernaturally acute eyesight. (SInv)
You cover ground extremely quickly. (Speed+++)


   Skills:
 + Level 3.1 Fighting
 + Level 3.2 Long Blades
 + Level 5.2 Dodging


You had 3 spell levels left.
You didn't know any spells.
Your spell library was empty.

Inventory:

Hand Weapons
 a - a +0 falchion (weapon) {long}
 c - a +0 dagger of speed {short}
   (You took it off a goblin on level 1 of the Dungeon)
 e - a +1 dagger of speed {short}
   (You took it off a kobold on level 1 of the Dungeon)
 l - a +2 dagger of venom {short}
   (You took it off a kobold on level 1 of the Dungeon)
Missiles
 f - 54 stones (quivered) {throwing}
 h - 39 sling bullets
Armour
 b - a +0 animal skin (worn)
 n - a +0 cloak (worn)
   (You found it on level 2 of the Dungeon)
Scrolls
 d - a scroll of noise {unknown}
 j - a scroll of immolation {unknown}
 k - a scroll of torment {unknown}
Potions
 g - a potion of magic {unknown}
 i - a potion of haste {unknown}
 m - a potion of curing {unknown}

Dungeon Overview and Level Annotations

Branches:
Dungeon (3/15)

Altars:

Annotations:
D:2 Robin

################ #..............#
##### #.############.###.... ###
#.#................... ..#
#.#.##########........ ###.#
#.#.###............... .##.#
#...)@#.#.......##.... .##.#
########.))g.#..)........#'
.##.###.......รท...........####.#.
.#..............................>
.#..###.###..........####.####.#.
.#โ€ .# #.#
##.####......##.####.#. .#..###.#
#.####.####.##......#.
.#......####.#....####)#########.
..>..........+....)().........##.


You could see Robin.


Message History

The goblin closely misses you.
You riposte.
You hit the goblin.
You kill the goblin!
Trog accepts your kill. The goblin hits you but does no damage.
Robin roars a battlecry!
The goblins go into a battle-frenzy!
You barely miss the goblin.
The goblin no longer looks unusually strong.
The goblin hits you but does no damage. Robin throws the goblin at you!
* * * LOW HITPOINT WARNING * * *
The goblin hits you but does no damage. The goblin closely misses you.
You riposte.
You closely miss the goblin. ๐Ÿ˜จ HP[-2]
You take 2 damage, and now have 9/24 hp.
You hit the goblin but do no damage.
Robin roars a battlecry!
The goblin goes into a battle-frenzy!
The goblin hits you but does no damage. The goblin misses you.
The goblin closely misses you.
Unknown command.
You hit the goblin.
You kill the goblin!
Trog accepts your kill. The goblin barely misses you.
You riposte.
You closely miss the goblin.
Items here: ( ))))) โ€ โ€ .
Robin throws the goblin at you! The goblin completely misses you.
The goblin hits you with a +0 dagger.
* * * LOW HITPOINT WARNING * * *
You see here a +0 dagger {short}. ๐Ÿ˜จ HP[-2]
You take 2 damage, and now have 7/24 hp. ๐Ÿ˜จ HP[+1]
The goblin no longer looks unusually strong.
The goblin misses you.
There is a stone staircase leading up here.
The goblin no longer looks unusually strong.
The goblin completely misses you.
Robin's bangles clink loudly.
The goblin hits you with a +0 dagger.
* * * LOW HITPOINT WARNING * * *
You climb upwards.
There is a stone staircase leading down here. ๐Ÿ˜ฑ HP[-2]
You take 2 damage, and now have 6/24 hp.
You closely miss the goblin.
The goblin no longer looks unusually strong.
The goblin hits you with a +0 dagger.
* * * LOW HITPOINT WARNING * * *
๐Ÿ˜ฑ HP[-2]
You take 2 damage, and now have 4/24 hp.
You hit the goblin.
You kill the goblin!
Trog accepts your kill.
You start resting.
You feel yourself speed up.
You recover from your berserk rage. ๐Ÿ˜Ž HP[+20]
Your hp is fully restored (24).
You climb downwards.
Level annotation: Robin The goblin barely misses you.
The goblin misses you. x2
The goblin hits you with a +0 dagger. The goblin barely misses you.
You riposte.
You hit the goblin.
You kill the goblin!
Trog accepts your kill.
Robin roars a battlecry!
The goblins go into a battle-frenzy!
The goblin misses you.
You riposte.
You closely miss the goblin.
There is a stone staircase leading up here. ๐Ÿ˜• HP[-3]
You take 3 damage, and now have 21/24 hp.
You slash the goblin!
You kill the goblin!
Trog accepts your kill. The goblin completely misses you.
You closely miss the goblin. The goblin misses you.
You hit the goblin.
The goblin hits you with a +0 club. ๐Ÿ˜• HP[-2]
You take 2 damage, and now have 19/24 hp.
You barely miss the goblin. The goblin barely misses you.
You riposte.
You barely miss the goblin. You hit the goblin.
You kill the goblin!
Trog accepts your kill. Robin hits you with a +0 mace.
Robin hits you with a +0 mace!
* * * LOW HITPOINT WARNING * * *
๐Ÿ˜จ HP[-12]
You take 12 damage, and now have 7/24 hp.
MASSIVE DAMAGE!! (PAUSE)
A red film seems to cover your vision as you go berserk!
You feel yourself moving faster!
You feel mighty! Robin hits you with a +0 mace.
* * * LOW HITPOINT WARNING * * *
๐Ÿ˜ฑ HP[-1]
You now have 36 max hp (+12).
You hit Robin. You completely miss Robin. Robin misses you.
You closely miss Robin. Robin misses you.
You slash Robin! Robin hits you with a +0 mace!
You die...

Skill      XL: |  1  2  3 |
---------------+----------+-----
Fighting       | 3 |  3.1
Long Blades    | 3 |  3.2
Dodging        | 5 |  5.2

Action                   |  1- 3 |  4- 6 || total
-------------------------+-------+-------++-------
Melee: Falchion          |   104 |    51 ||   155
Throw: Stone             |    57 |     6 ||    63
Invok: Berserk           |     3 |     2 ||     5
 Stab: Sleeping          |     2 |       ||     2
Armor: Animal skin       |    11 |     9 ||    20
Dodge: Dodged            |    99 |    55 ||   154
       Rpst.: Falchion   |    27 |    16 ||    43

Levels and vault maps discovered:
D:1:      nzn_arrival_settlement, layout_basic,
          ebering_ecumenical_altar_abandoned, minmay_pentomino_q4
D:2:      layout_basic, uniq_robin
D:3:      minmay_skewed_foursquare, layout_rooms, kiku_gazebo_pond_becter,
          minmay_strange_pillars, minmay_misc_feat_four_crosses, uniq_sigmund

Notes
Turn   | Place    | Note
-------+----------+-------------------------------------------
     0 | D:1      | Sobieck the Spriggan Berserker began the quest for the Orb.
     0 | D:1      | Reached XP level 1. HP: 11/11 MP: 2/2
     0 | D:1      | magus.rc [v1.9.6]
   413 | D:1      | Reached XP level 2. HP: 16/16 MP: 3/3
   911 | D:1      | Reached XP level 3. HP: 13/19 MP: 4/4
  1031 | D:1      | Found a faded altar of an unknown god.
  1165 | D:1      | Reached ** piety under Trog
  1388 | D:2      | Reached skill level 3 in Fighting
  1652 | D:2      | Reached skill level 3 in Long Blades
  1860 | D:2      | Reached skill level 5 in Dodging
  1860 | D:2      | Reached XP level 4. HP: 24/24 MP: 5/5
  2029 | D:2      | Noticed Robin
  2084 | D:2      | HP: 6/24 [goblin[Robin] (2)]
  2341 | D:2      | HP: 6/36 [Robin (5)]
  2345 | D:2      | Slain by Robin

Vanquished Creatures
  2 adders (D:2)
  4 dart slugs
  3 bats
  2 endoplasms (D:2)
  6 giant cockroaches
  17 goblins
  6 hobgoblins
  6 kobolds
  3 quokkas
  5 ball pythons
  4 frilled lizards (D:1)
  4 rats (D:1)
62 creatures vanquished.

Table legend:
 A = Non-vault XP
 B = Vault XP
 C = Vault XP percentage of total XP
 D = Non-vault monster count
 E = Vault monster count
 F = Vault count percentage of total count
                 A         B        C        D         E       F
            +---------+---------+-------+---------+---------+-------
      Total |     111 |      27 |  19.6 |      47 |      15 |  24.2
            +---------+---------+-------+---------+---------+-------
        D:1 |      58 |       9 |  13.4 |      31 |       5 |  13.9
        D:2 |      53 |      18 |  25.4 |      16 |      10 |  38.5
            +---------+---------+-------+---------+---------+-------

Illustrated notes

Table legend:
 A = Kills in this place as a percentage of kills in entire the game.
 B = Kills by you in this place as a percentage of kills by you in the entire game.
 C = Kills by friends in this place as a percentage of kills by friends in the entire game.
 D = Other kills in this place as a percentage of other kills in the entire game.
 E = Experience gained in this place as a percentage of experience gained in the entire game.
 F = Experience gained in this place divided by the number of levels of this place that you have seen.
                   A       B       C       D       E      F
               +-------+-------+-------+-------+-------+----------------------
         Total | 100.0 | 100.0 |   N/A |   N/A | 100.0 |  46.0
       Dungeon | 100.0 | 100.0 |   N/A |   N/A | 100.0 |  46.0
               +-------+-------+-------+-------+-------+----------------------

Table legend: (Time is in decaauts)
 A = Elapsed time spent in this place.
 B = Non-inter-level travel time spent in this place.
 C = Inter-level travel time spent in this place.
 D = Time resting spent in this place.
 E = Time spent auto-exploring this place.
 F = Levels seen in this place.
 G = Mean time per level.
                   A        B        C        D        E       F      G
               +--------+--------+--------+--------+--------+-----+--------+
         Total |   2005 |   1956 |     49 |    696 |    835 |   3 |  668.3 |
       Dungeon |   2005 |   1956 |     49 |    696 |    835 |   3 |  668.3 |
               +--------+--------+--------+--------+--------+-----+--------+

Top non-repeatable levels by time:
     D:1: 1563 daAuts
     D:2: 437 daAuts
     D:3: 4 daAuts
